 Dungeon Crawl Stone Soup version 0.28-a0-980-g3664467d6e (webtiles) character file.

Game seed: 5844302813672984350

45 AarnesTheHuman the Chiller (level 3, -4/26 HPs)
             Began as a Demonspawn Ice Elementalist on Dec 2, 2021.
             Slain by a gnoll (9 damage)
             ... on level 4 of the Dungeon.
             The game lasted 00:04:01 (1620 turns).

AarnesTheHuman the Chiller (DsIE)                   Turns: 1620, Time: 00:04:02

Health: -4/26      AC:  2    Str:  8    XL:     3   Next: 42%
Magic:  6/6        EV: 14    Int: 18    God:
Gold:   69         SH:  0    Dex: 13    Spells: 5/6 levels left

rFire   . . .      SeeInvis .   e - +0 short sword
rCold   . . .      Faith    .   (no shield)
rNeg    . . .      Spirit   .   a - +0 robe
rPois   .          Reflect  .   (no helmet)
rElec   .          Harm     .   (no cloak)
rCorr   .          Rampage  .   (no gloves)
Will    .....                   (no boots)
Stlth   +.........              g - amulet of the acrobat
HPRegen 0.08/turn               (no ring)
MPRegen 0.10/turn               (no ring)

@: lit by a corona, glowing
A: repulsion field 1
a: no special abilities


You were on level 4 of the Dungeon.
You visited 1 branch of the dungeon, and saw 3 of its levels.

You collected 69 gold pieces.

Inventory:

Hand Weapons
 e - a +0 short sword (weapon)
Missiles
 c - 15 poisoned darts
 f - 20 stones
Armour
 a - a +0 robe (worn)
Jewellery
 g - an amulet of the acrobat (around neck)


   Skills:
 + Level 1.1 Fighting
 + Level 1.0 Armour
 - Level 1.7 Dodging
 - Level 1.7 Stealth
 + Level 2.4 Spellcasting
 * Level 4.1 Ice Magic


You had 5 spell levels left.
You knew the following spells:

 Your Spells              Type           Power      Damage    Failure   Level
a - Freeze                Ice            68%        1d8       3%          1

Your spell library contained the following spells:

 Spells                   Type           Power      Damage    Failure   Level
 Frozen Ramparts          Ice            34%        1d5       10%         3
 Ozocubu's Armour         Ice            17%        N/A       10%         3
 Beastly Appendage        Tmut           4%         N/A       17%         1
 Wereblood                Tmut           2%         N/A       26%         2
 Spider Form              Tmut/Pois      2%         N/A       45%         3
 Hailstorm                Conj/Ice       9%         3d4       58%         4


Dungeon Overview and Level Annotations

Branches:
Dungeon (2/15)

Altars:


Innate Abilities, Weirdness & Mutations

You are surrounded by a mild repulsion field. (EV +2)


Message History

g - an amulet of the acrobat (around neck)
You pick up a book of Changes and begin reading...
You add the spells Beastly Appendage, Wereblood and Spider Form to your library.
A jackal comes into view.
A jackal is nearby!
A jackal comes into view.
Found 13 gold pieces.
A jackal comes into view.
A sudden malevolence fills the Dungeon...
You fall into a shaft and drop 2 floors!
The shaft crumbles and collapses. 3 gnolls and a gnoll shaman come into view.
A gnoll is wielding a +0 vorpal flail.
The gnoll shouts!
The gnoll shaman shouts!
Found a twisted marble ring.
Okay, then.
You aren't carrying any potions.
Unknown command.
Unknown command.
The gnoll shouts!
The gnoll hits you with a +0 vorpal flail!
The gnoll shaman mumbles some strange prayers to its god against you.
You are outlined in light.
Found 10 gold pieces.
The gnoll shaman calls upon its god to speed up the gnoll.
The gnoll seems to speed up.
Found 6 gold pieces.
You see here a +4 ring of protection.
Found 13 sling bullets.
You see here 13 sling bullets.
As you read the scroll labelled XUIXZA WEIMOWK, it crumbles to dust.
You feel aware of your surroundings.
It was a scroll of magic mapping.
The gnoll barely misses you.
The gnoll hits you from afar with a +0 spear.
As you read the scroll labelled DEBYRON UCRAJE, it crumbles to dust.
The scroll dissolves into smoke.
It was a scroll of fog.
The gnoll hits you from afar with a +0 spear.
* * * LOW HITPOINT WARNING * * *
The gnoll hits you with a +0 vorpal flail!
You die...

*,,,* ##.......#***,,,*
*,,,** #.......##.,,***
*,,,,* ##.g.......***
*,,,,* #.......##*
*,,,,*********
##....###
*,,,,,,,,,,,,** #.g###
*,,,,,,,,,,,,,*#####g##
*,,,,,,,,,,,,,##§ggg##
***,***,,,,***#§@####
*** ****** ####


You could see 2 gnolls.

Vanquished Creatures
  3 dart slugs (D:1)
  2 endoplasms (D:1)
  A giant cockroach (D:1)
  3 goblins (D:1)
  2 hobgoblins (D:1)
  2 jackals (D:1)
  6 kobolds
  2 quokkas (D:1)
  6 ball pythons (D:1)
  2 bats (D:1)
  3 frilled lizards (D:1)
  6 rats
38 creatures vanquished.

Vanquished Creatures (others)
  A plant (D:1)
1 creature vanquished.

Grand Total: 39 creatures vanquished

Notes
Turn   | Place    | Note
-------+----------+-------------------------------------------
     0 | D:1      | AarnesTheHuman the Demonspawn Ice Elementalist began the
                  | quest for the Orb.
     0 | D:1      | Reached XP level 1. HP: 13/13 MP: 3/3
   141 | D:1      | Found a faded altar of an unknown god.
   420 | D:1      | Gained mutation: You are surrounded by a mild repulsion
                  | field. (EV +2) [demonic ancestry]
   420 | D:1      | Reached XP level 2. HP: 19/20 MP: 0/5
   840 | D:1      | Reached skill level 4 in Ice Magic
   915 | D:1      | Reached skill level 1 in Fighting
   953 | D:1      | Reached XP level 3. HP: 24/26 MP: 6/6
  1515 | D:1      | Reached skill level 1 in Armour
  1600 | D:2      | You fall into a shaft and drop 2 floors!
  1620 | D:4      | Slain by a gnoll

Illustrated notes

Levels and vault maps discovered:
D:1:      saegor_arrival_fortress, layout_basic,
          shapermc_ecumenical_altar_flowoftime
D:2:      layout_rooms, uniq_crazy_yiuf_cottage
D:4:      layout_cave_pods, minmay_misc_feat_five, minmay_ogre_servants

Skill      XL: |  1  2  3 |
---------------+----------+-----
Ice Magic      | 4 |  4.1
Fighting       | 1 |  1.1
Armour         | 1 |  1.0
Dodging        | |  1.7
Stealth        | |  1.7
Spellcasting   | |  2.4

Action                   || total
-------------------------++-------
Melee: Short sword       ||    68
 Cast: Freeze            ||    40
  Use: Scroll            ||     2
 Stab: Sleeping          ||     3
Armor: Robe              ||    10
Dodge: Dodged            ||    76

Table legend: (Time is in decaauts)
 A = Elapsed time spent in this place.
 B = Non-inter-level travel time spent in this place.
 C = Inter-level travel time spent in this place.
 D = Time resting spent in this place.
 E = Time spent auto-exploring this place.
 F = Levels seen in this place.
 G = Mean time per level.
                   A        B        C        D        E       F      G
               +--------+--------+--------+--------+--------+-----+--------+
         Total |   1628 |   1570 |     58 |    379 |    864 |   3 |  542.7 |
       Dungeon |   1628 |   1570 |     58 |    379 |    864 |   3 |  542.7 |
               +--------+--------+--------+--------+--------+-----+--------+

Top non-repeatable levels by time:
     D:1: 1550 daAuts
     D:2: 58 daAuts
     D:4: 19 daAuts
